 Dungeon Crawl Stone Soup version 0.30-a0-782-ge64f9170bb (console) character file.

Game seed: 15224425479533893278

1 utis the Slasher (level 1, 10/10 HPs)
             Began as a Tengu Wanderer on Mar 11, 2023.
             Quit the game on level 1 of the Dungeon.
             The game lasted 00:00:55 (94 turns).

utis the Slasher (Tengu Wanderer)                     Turns: 94, Time: 00:00:55

Health: 10/10      AC:  5    Str: 15    XL:     1   Next: 20%
Magic:  2/2        EV: 10    Int:  8    God:
Gold:   0          SH:  0    Dex: 14    Spells: 0/0 levels left

rFire   . . .      SeeInvis .    b - +0 falchion
rCold   . . .      Faith    .    (no shield)
rNeg    . . .      Spirit   .    c - +0 ring mail
rPois   .          Reflect  .    (helmet restricted)
rElec   .          Harm     .    (no cloak)
rCorr   .          Rampage  .    (no gloves)
Will    .....                    (boots unavailable)
Stlth   +                        (no amulet)
HPRegen 0.21/turn                (no ring)
MPRegen 0.08/turn                (no ring)

@: no status effects
A: beak, talons 3
a: no special abilities


You were on level 1 of the Dungeon.
You visited 1 branch of the dungeon, and saw 1 of its levels.

Inventory:

Hand Weapons
 a - a +2 hand axe
 b - a +0 falchion (weapon)
Armour
 c - a +0 ring mail (worn)
Scrolls
 d - a scroll of vulnerability


   Skills:
 + Level 0.1 Fighting
 - Level 4.3 Long Blades
 - Level 3.2 Axes
 + Level 1.1 Armour
 + Level 1.1 Dodging
 - Level 1.0 Evocations


You couldn't memorise any spells.
You didn't know any spells.
Your spell library was empty.

Dungeon Overview and Level Annotations

Branches:
Dungeon (1/15)

Altars:


Innate Abilities, Weirdness & Mutations

You have a beak for a mouth.
You have claws for feet.


Message History

Welcome, utis the Tengu Wanderer.
Will you prevail where others failed? Will you find the Orb of Zot?
Press ? for a list of commands and other information.
Found 7 stones.
Found a staircase leading out of the dungeon.
You begin with the following items: a +2 hand axe, a +0 falchion, a +0 ring mail, a scroll of vulnerability.
Unknown command.
Unknown command.
Unknown command.
Unknown command.
b - a +0 falchion (weapon)
You see here 7 stones.
You see here 7 stones.
A frilled lizard and a rat come into view.
The frilled lizard hisses angrily.
You closely miss the rat. You peck the rat.
You kill the rat!
No target in range!
No target in range!
You see here a rat corpse.
You miss the frilled lizard. Your peck misses the frilled lizard.
The frilled lizard closely misses you.
You miss the frilled lizard. Your kick misses the frilled lizard.
Your peck misses the frilled lizard.
The frilled lizard bites you but does no damage.
You hit the frilled lizard.
You kill the frilled lizard!
No target in view!
You see here 7 stones.
Could not explore, unopened door.
As you open the door, it creaks loudly! As you open the door, it creaks loudly!
A bat comes into view.
A bat is nearby!
Are you sure you want to abandon this character and quit the game? (Confirm with "yes".)

░░+░░ ░░...░░
░░.....░░
░░.......░░
░..░░.....░░░░...
░░░░➘░....'..b...
.░░ ░░░...░░...Q░
...░░░...░░░....░░
░.......░░.....░░
░░░.<.░░░░░...░░
░.......░░░░'░░
...░░░...░░░.░
.░░░.░░░...░░░░
░.░
░░░░.░.░░░░░░░.░
░.░
░.░░░..░.......░


You could see a bat.

Vanquished Creatures
  A frilled lizard (D:1)
  A rat (D:1)
2 creatures vanquished.

Notes
Turn   | Place    | Note
-------+----------+-------------------------------------------
     0 | D:1      | utis the Tengu Wanderer began the quest for the Orb.
     0 | D:1      | utis set off with the following items: a +2 hand axe, a +0
                  | falchion, a +0 ring mail, a scroll of vulnerability.
     0 | D:1      | Reached XP level 1. HP: 10/10 MP: 2/2
    94 | D:1      | Quit the game

Illustrated notes

Levels and vault maps discovered:
D:1:      dpeg_arrival_simpleton_a, layout_loops_corners, serial_shops,
          nicolae_diamond_shop, minmay_pentomino_z4

Action                     || total
---------------------------++-------
  Melee: Falchion          ||     4
         Peck              ||     1
 Armour: Ring mail         ||     1
  Dodge: Dodged            ||     1

Table legend: (Time is in decaauts)
 A = Elapsed time spent in this place.
 B = Non-inter-level travel time spent in this place.
 C = Inter-level travel time spent in this place.
 D = Time resting spent in this place.
 E = Time spent auto-exploring this place.
 F = Levels seen in this place.
 G = Mean time per level.
                   A        B        C        D        E       F      G
               +--------+--------+--------+--------+--------+-----+--------+
         Total |     93 |     93 |      0 |      0 |     82 |   1 |   93.0 |
       Dungeon |     93 |     93 |      0 |      0 |     82 |   1 |   93.0 |
               +--------+--------+--------+--------+--------+-----+--------+

Top non-repeatable levels by time:
     D:1: 93 daAuts
